 Dungeon Crawl Stone Soup version 0.31-a0-237-g2d982f9f85 (webtiles) character file.

Game seed: 1659421617516112478

226 qw the Shooter (level 5, -2/41 HPs)
             Began as a Minotaur Hexslinger on July 11, 2023.
             Slain by Terence
             ... wielding a +0 flail of protection
              (6 damage)
             ... on level 2 of the Dungeon.
             The game lasted 00:00:39 (1015 turns).

qw the Shooter (Minotaur Hexslinger)                Turns: 1015, Time: 00:00:40

Health: -2/41      AC:  6    Str: 12    XL:     5   Next: 69%
Magic:  5/5        EV: 11    Int: 10    God:
Gold:   20         SH:  0    Dex: 15    Spells: 5/6 levels left

rFire   . . .        Y - +3 sling
rCold   . . .        (no shield)
rNeg    . . .        f - +0 ring mail
rPois   .            (helmet restricted)
rElec   .            (no cloak)
rCorr   .            i - +0 pair of gloves
SInv    .            (no boots)
Will    .....        (no amulet)
Stlth   +            (no ring)
HPRegen 0.26/turn    (no ring)
MPRegen 0.09/turn

%: no passive effects
@: no status effects
A: horns 2, retaliatory headbutt
a: no special abilities


You were on level 2 of the Dungeon.
You visited 1 branch of the dungeon, and saw 2 of its levels.

You collected 42 gold pieces.
You spent 22 gold pieces at shops.


Innate Abilities, Weirdness & Mutations

You have a pair of horns on your head.
You reflexively headbutt those who attack you in melee.


   Skills:
 + Level 2.0 Fighting
 - Level 6.3 Ranged Weapons
 - Level 1.0 Armour
 - Level 2.1 Dodging
 - Level 1.0 Spellcasting
 - Level 2.0 Hexes


You had 5 spell levels left.
You knew the following spells:

 Your Spells              Type           Power      Damage    Failure   Level
a - Slow                  Hex            16%        N/A       34%         1

Your spell library contained the following spells:

 Spells                   Type           Power      Damage    Failure   Level
 Inner Flame              Hex/Fire       2%         N/A       83%         3
 Portal Projectile        Hex/Tloc       4%         N/A       83%         3
 Cause Fear               Hex            2%         N/A       98%         4

Inventory:

Hand Weapons
 Y - a +3 sling (weapon)
Armour
 f - a +0 ring mail (worn)
 i - a +0 pair of gloves (worn)
Scrolls
 a - a scroll of torment {unknown}
 c - a scroll of blinking {unknown}
 e - 3 scrolls of identify
Potions
 b - a potion of attraction {unknown}
 j - a potion of haste {unknown}

Dungeon Overview and Level Annotations

Branches:
Dungeon (2/15)

Altars:

Shops:
D:1 *

Annotations:
D:2 Terence


Message History

You shoot a sling bullet. The sling bullet hits Terence.
Terence is moderately wounded.
Terence hits you but does no damage.
You shoot a sling bullet.
The sling bullet hits Terence but does no damage.
Terence is moderately wounded.
Terence barely misses you.
You shoot a sling bullet. The sling bullet hits Terence.
Terence is heavily wounded.
Terence hits you with a +0 flail of protection.
You shoot a sling bullet.
The sling bullet hits Terence but does no damage.
Terence is heavily wounded.
Terence hits you with a +0 flail of protection.
Terence hits you with a +0 flail of protection!
You shoot a sling bullet. The sling bullet barely misses Terence.
Terence hits you with a +0 flail of protection!
You shoot a sling bullet.
The sling bullet hits Terence but does no damage.
Terence is heavily wounded.
Terence hits you with a +0 flail of protection.
You shoot a sling bullet.
The sling bullet hits Terence but does no damage.
Terence is heavily wounded.
Terence barely misses you.
You shoot a sling bullet.
The sling bullet hits Terence but does no damage.
Terence is heavily wounded.
A bat comes into view.
Terence hits you but does no damage.
You shoot a sling bullet. The sling bullet hits Terence.
Terence is severely wounded.
Terence closely misses you.
Terence hits you with a +0 flail of protection!
You shoot a sling bullet.
The sling bullet hits Terence but does no damage.
Terence is severely wounded.
The bat hits you but does no damage.
Terence hits you with a +0 flail of protection.
You die...

###.#.....#
#.).....#
#####.#####.#
.#####
#...........#
.)....
#.###.#######
......# #.# #.#
..... #.# #.#
#####.@####.#
#.#
....b..@..#.#
#.#
#########.#.#
#.# #.).###<#
###..###########
#...##......).
#.#.)..#######
#.###.........
#.# ####..####
#.# #..#


You could see Terence and a bat.

Vanquished Creatures
  Sigmund (D:2)
  Robin (D:2)
  A worm (D:2)
  3 dart slugs (D:1)
  4 bats
  4 giant cockroaches
  10 goblins
  3 hobgoblins
  3 jackals (D:1)
  5 ball pythons
  4 frilled lizards
  3 kobolds
  6 rats (D:1)
48 creatures vanquished.

Notes
Turn   | Place    | Note
-------+----------+-------------------------------------------
     0 | D:1      | qw the Minotaur Hexslinger began the quest for the Orb.
     0 | D:1      | Reached XP level 1. HP: 16/16 MP: 1/1
     0 | D:1      | 0 ||| qw: Version: 0.3-a-52-g30416fa
     0 | D:1      | 0 ||| qw: Game counter: 5815
     0 | D:1      | 0 ||| qw: Melee chars always use a shield: true
     0 | D:1      | 0 ||| qw: God list: Okawaru
     0 | D:1      | 0 ||| qw: Allow faded altars: false
     0 | D:1      | 0 ||| qw: Do Orc after clearing Dungeon:15 true
     0 | D:1      | 0 ||| qw: Do second Lair branch before Depths: true
     0 | D:1      | 0 ||| qw: Lair rune preference: random
     0 | D:1      | 0 ||| qw: Goals: Normal
     0 | D:1      | 0 ||| PLANNING D:1-11
    79 | D:1      | 79 ||| FLEEEEING.
    80 | D:1      | 80 ||| FLEEEEING.
    81 | D:1      | 81 ||| FLEEEEING.
    82 | D:1      | 82 ||| FLEEEEING.
    83 | D:1      | 83 ||| FLEEEEING.
    84 | D:1      | 84 ||| FLEEEEING.
    85 | D:1      | 85 ||| FLEEEEING.
    86 | D:1      | 86 ||| FLEEEEING.
    87 | D:1      | 87 ||| FLEEEEING.
    88 | D:1      | 88 ||| FLEEEEING.
    89 | D:1      | 89 ||| FLEEEEING.
    90 | D:1      | 90 ||| FLEEEEING.
    91 | D:1      | 91 ||| FLEEEEING.
    92 | D:1      | 92 ||| FLEEEEING.
    93 | D:1      | 93 ||| FLEEEEING.
    94 | D:1      | 94 ||| FLEEEEING.
    98 | D:1      | 98 ||| FLEEEEING.
    99 | D:1      | 99 ||| FLEEEEING.
   100 | D:1      | 100 ||| FLEEEEING.
   101 | D:1      | 101 ||| FLEEEEING.
   102 | D:1      | 102 ||| FLEEEEING.
   103 | D:1      | 103 ||| FLEEEEING.
   104 | D:1      | 104 ||| FLEEEEING.
   132 | D:1      | Reached skill level 3 in Ranged Weapons
   132 | D:1      | Reached XP level 2. HP: 20/23 MP: 2/2
   227 | D:1      | Found a faded altar of an unknown god.
   478 | D:1      | Reached XP level 3. HP: 29/29 MP: 3/3
   706 | D:1      | Found Vevikh's Assorted Antiques.
   713 | D:1      | 713 ||| BUYING sapphire potion (22 gold).
   713 | D:1      | Bought a sapphire potion for 22 gold pieces
   713 | D:1      | 713 ||| SHOPLISTING scroll labelled COSTEU YJ WOU (25 gold,
                  | have 3).
   713 | D:1      | 713 ||| SHOPLISTING scroll labelled DAGAEG YMUER (25 gold,
                  | have 3).
   713 | D:1      | 713 ||| SHOPLISTING scroll labelled IKHLIU ZAEXKAWI (25
                  | gold, have 3).
   716 | D:1      | 716 ||| UPGRADING to +0 ring mail.
   726 | D:1      | 726 ||| DROPPING +0 robe.
   727 | D:1      | 727 ||| UPGRADING to +0 pair of gloves.
   732 | D:1      | 732 ||| READING scroll labelled GYFULOSUMIL.
   733 | D:1      | 733 ||| READING 2 scrolls labelled PADI AS IFOR.
   734 | D:1      | 734 ||| READING 2 scrolls labelled GOOFYCKUFO.
   735 | D:1      | 735 ||| READING scroll of enchant weapon.
   735 | D:1      | 735 ||| ENCHANTING +2 sling.
   736 | D:1      | 736 ||| READING scroll labelled ABU CAIGOU.
   737 | D:1      | 737 ||| DROPPING scroll of poison.
   806 | D:2      | Reached skill level 4 in Ranged Weapons
   852 | D:2      | Noticed Robin
   859 | D:2      | Reached skill level 1 in Armour
   866 | D:2      | Killed Robin
   910 | D:2      | Reached XP level 4. HP: 36/36 MP: 4/4
   916 | D:2      | Noticed Sigmund
   930 | D:2      | Killed Sigmund
   931 | D:2      | Reached skill level 6 in Ranged Weapons
   931 | D:2      | Reached XP level 5. HP: 27/41 MP: 5/5
  1000 | D:2      | Noticed Terence
  1014 | D:2      | HP: 4/41 [Terence/+0 flail of protection (11)]
  1015 | D:2      | Slain by Terence

Levels and vault maps discovered:
D:1:      dpeg_arrival_shelter, layout_basic,
          hellmonk_ecumenical_altar_dog_temple, serial_shops, shop
D:2:      layout_basic, uniq_robin, uniq_sigmund, uniq_terence

Skill      XL: |  1  2  3  4 |
---------------+-------------+-----
Ranged Weapons | 3 4 6 |  6.3
Fighting       | 2 |  2.0
Armour         | 1 |  1.0
Dodging        | |  2.1
Spellcasting   | |  1.0
Hexes          | |  2.0

Action                     |  1- 3 |  4- 6 || total
---------------------------+-------+-------++-------
   Fire: Sling             |   130 |    28 ||   158
    Use: Scroll            |     5 |       ||     5
 Armour: Robe              |     2 |       ||     2
         Ring mail         |     7 |     3 ||    10
  Dodge: Dodged            |    38 |     6 ||    44

Table legend:
 A = Non-vault XP
 B = Vault XP
 C = Vault XP percentage of total XP
 D = Non-vault monster count
 E = Vault monster count
 F = Vault count percentage of total count
                 A         B        C        D         E       F
            +---------+---------+-------+---------+---------+-------
      Total |      67 |     256 |  79.3 |      37 |      11 |  22.9
            +---------+---------+-------+---------+---------+-------
        D:1 |      45 |       6 |  11.8 |      26 |       3 |  10.3
        D:2 |      22 |     250 |  91.9 |      11 |       8 |  42.1
            +---------+---------+-------+---------+---------+-------
